 Dungeon Crawl Stone Soup version 0.28.0-43-g3370ac3207 (webtiles) character file.

Game seed: 696902843167440663

71933 mortz the Protected (level 15, -9/136 HPs)
             Began as a Hill Orc Fighter on Feb 28, 2022.
             Was the Champion of Beogh.
             Killed from afar by Nikola (49 damage)
             ... with an arc of chain lightning
             ... on level 1 of the Spider Nest.
             The game lasted 03:56:58 (27028 turns).

mortz the Protected (Hill Orc Fighter)             Turns: 27028, Time: 03:56:59

Health: -9/136     AC: 29    Str: 25    XL:     15   Next: 38%
Magic:  15/15      EV: 14    Int:  8    God:    Beogh [******]
Gold:   1063       SH:  7    Dex: 20    Spells: 14/14 levels left

rFire   . . .      SeeInvis +   O - +7 trident "Wyffeyrr" {vorpal, +Blink rPois Dex+4, polearm}
rCold   + + +      Faith    .   J - +0 buckler of Sorcery {Fly rC+ Will+}
rNeg    . . .      Spirit   .   P - +1 plate armour {rC+}
rPois   +          Reflect  .   A - +2 helmet {SInv}
rElec   .          Harm     .   b - +1 cloak
rCorr   .          Rampage  .   v - +0 pair of gloves
Will    ++++.                   k - +2 pair of boots
Stlth   ..........              y - amulet of regeneration {@e2}
HPRegen 1.12/turn               h - ring "Gumur" {rC+ Will++ Dex+6 SInv}
MPRegen 0.14/turn               S - +4 ring of evasion

@: flying, very slightly contaminated, studying Throwing
A: walk on water, clumsy 1
a: Renounce Religion, Evoke Blink, Smiting, Recall Orcish Followers, Give Item
to Named Follower, Resurrection


You were on level 1 of the Spider Nest.
You worshipped Beogh.
Beogh was exalted by your worship.
You visited 4 branches of the dungeon, and saw 24 of its levels.

You collected 2327 gold pieces.
You spent 1264 gold pieces at shops.


Innate Abilities, Weirdness & Mutations

You can walk on water.
You are clumsy. (Dex -2)


   Skills:
 + Level 13.3 Fighting
 - Level 8.6(9.0) Short Blades
 + Level 4.3(7.4) Long Blades
 + Level 12.1(15.0) Axes
 + Level 5.9(8.9) Maces & Flails
 * Level 10.6(12.3) Polearms
 + Level 5.7 Throwing
 + Level 14.8 Armour
 + Level 4.2 Dodging
 + Level 3.1 Stealth
 + Level 10.2 Shields
 + Level 1.2 Invocations
 + Level 0.8 Evocations


You had 14 spell levels left.
You didn't know any spells.
Your spell library contained the following spells:

 Spells                   Type           Power      Damage    Failure   Level
 Magic Dart               Conj           0%         1d3       98%         1
 Sting                    Tmut/Pois      0%         1d3       98%         1
 Ensorcelled Hibernation  Hex/Ice        0%         N/A       99%         2
 Passwall                 Tmut/Erth      0%         N/A       99%         2
 Searing Ray              Conj           0%         2d4       99%         2
 Call Canine Familiar     Summ           0%         N/A       100%        3
 Gell's Gravitas          Tloc           0%         N/A       100%        3
 Lesser Beckoning         Tloc           0%         N/A       100%        3
 Portal Projectile        Hex/Tloc       0%         N/A       100%        3
 Spider Form              Tmut/Pois      0%         N/A       100%        3
 Stone Arrow              Conj/Erth      0%         3d7       100%        3
 Swiftness                Air            0%         N/A       100%        3
 Teleport Other           Tloc           0%         N/A       100%        3
 Animate Armour           Summ/Erth      0%         N/A       100%        4
 Animate Dead             Necr           0%         N/A       100%        4
 Fulminant Prism          Conj/Hex       0%         3d6       100%        4
 Leda's Liquefaction      Hex/Erth       0%         N/A       100%        4
 Blade Hands              Tmut           0%         N/A       100%        5
 Borgnjor's Vile Clutch   Necr/Erth      0%         N/A       100%        5
 Excruciating Wounds      Necr           0%         N/A       100%        5
 Fireball                 Conj/Fire      0%         3d3       100%        5
 Irradiate                Conj/Tmut      0%         3d13      100%        5
 Iskenderun's Battlesphe  Conj           0%         2d6       100%        5
 Conjure Ball Lightning   Conj/Air       0%         3x3d6     100%        6
 Death Channel            Necr           0%         N/A       100%        6
 Starburst                Conj/Fire      0%         6d3       100%        6
 Dragon Form              Tmut           0%         N/A       100%        7
 Orb of Destruction       Conj           0%         9d5       100%        7
 Lehudib's Crystal Spear  Conj/Erth      0%         10d2      100%        8

Inventory:

Hand Weapons
 a - a +2 dire flail of protection {mace}
   (You found it on level 2 of the Orcish Mines)
 u - a +2 short sword of venom {short}
   (You took it off a kobold on level 3 of the Dungeon)
 z - a +2 mace of freezing {mace}
   (You took it off a wight on level 8 of the Dungeon)
 O - the +7 trident "Wyffeyrr" (weapon) {vorpal, +Blink rPois Dex+4, polearm}
   (You took it off a spriggan rider on level 6 of the Lair of Beasts)

   It inflicts extra damage upon your enemies.
   Dex:       It affects your dexterity (+4).
   rPois:     It protects you from poison.
   +Blink:    It lets you blink.
 U - a +3 hand axe of electrocution {axe}
   (You took it off an orc on level 7 of the Dungeon)
 W - a +2 long sword of holy wrath {long}
   (You found it on level 8 of the Dungeon)
 Z - a +1 battleaxe of flaming {axe}
   (You took it off Urug on level 10 of the Dungeon)
Missiles
 j - 36 poisoned darts (quivered) {throwing}
Armour
 b - a +1 cloak (worn)
   (You found it on level 13 of the Dungeon)
 c - the +1 chain mail of Insatiable Hunger {Regen+}
   (You found it on level 8 of the Dungeon)

   Regen:     It increases your rate of health regeneration.
 k - a +2 pair of boots (worn)
   (You found it on level 11 of the Dungeon)
 v - a +0 pair of gloves (worn)
   (You found it on level 13 of the Dungeon)
 A - a +2 helmet of see invisible (worn)
   (You bought it in a shop on level 2 of the Orcish Mines)
 D - +0 acid dragon scales
   (You found it on level 11 of the Dungeon)
 J - the +0 buckler of Sorcery (worn) {Fly rC+ Will+}
   (You found it on level 6 of the Dungeon)

   rC:        It protects you from cold.
   Fly:       It grants you flight.
   Will:      It increases your willpower.
 P - a +1 plate armour of cold resistance (worn)
   (You found it on level 2 of the Orcish Mines)
 R - +2 fire dragon scales
   (You bought it in a shop on level 2 of the Dungeon)
Jewellery
 h - the ring "Gumur" (left hand) {rC+ Will++ Dex+6 SInv}
   (You found it on level 14 of the Dungeon)

   [ring of see invisible]

   Dex:       It affects your dexterity (+6).
   rC:        It protects you from cold.
   SInv:      It lets you see invisible.
   Will:      It greatly increases your willpower.
 y - an amulet of regeneration (around neck) {@e2}
   (You found it on level 3 of the Dungeon)
 M - a +6 ring of intelligence
   (You found it on level 11 of the Dungeon)
 S - a +4 ring of evasion (right hand)
   (You found it on level 14 of the Dungeon)
Wands
 e - a wand of paralysis (6)
   (You found it on level 10 of the Dungeon)
 f - a wand of polymorph (6)
   (You found it on level 13 of the Dungeon)
 i - a wand of iceblast (13)
   (You found it on level 8 of the Dungeon)
 F - a wand of acid (14)
   (You found it on level 6 of the Dungeon)
 G - a wand of charming (28)
   (You found it on level 6 of the Dungeon)
 L - a wand of flame (26)
   (You took it off Joseph on level 8 of the Dungeon)
 Y - a wand of digging (8)
   (You found it on level 13 of the Dungeon)
Scrolls
 l - 9 scrolls of teleportation {@r4}
 o - 4 scrolls of blinking {!r}
 p - 4 scrolls of fear
 r - a scroll of torment {unknown}
 t - a scroll of magic mapping {unknown}
 B - 3 scrolls of summoning
 H - 3 scrolls of brand weapon
 I - 4 scrolls of enchant weapon
Potions
 d - 5 potions of haste {@q3}
 g - 2 potions of flight {unknown}
 n - a potion of invisibility {unknown}
 q - 8 potions of curing {@q1}
 s - 2 potions of cancellation
 x - 2 potions of resistance {unknown}
 C - 5 potions of brilliance
 N - 2 potions of heal wounds {@q2}
 Q - 3 potions of might
 T - a potion of lignification {!q}
 V - a potion of experience {unknown}
 X - a potion of mutation {unknown}
Miscellaneous
 E - a phantom mirror
   (You found it on level 6 of the Lair of Beasts)

Dungeon Overview and Level Annotations

Branches:
Dungeon (15/15)            Temple (0/1) D:7            Lair (6/6) D:8
 Shoals (0/4) Lair:3       Spider (1/4) Lair:4        Slime (0/5) Lair:6
    Orc (2/2) D:12            Elf (0/3) Orc:2        Vaults (0/5) D:14
 Depths (0/4) D:15

Altars:
Fedhas
Qazlal
Ru
Beogh

Shops:
D:2 [   Orc:2 ?((?*

Portals:
Trove: D:12 (give +3 fire dragon scales)

Annotations:
D:4 2 transporters, Jenx's ghost, amateur SpBe
D:6 Eustachio
Spider:1 Nikola

#.^..#.#..#...##....####
#......#..###..#^....#
#####..^..#.#...<...##
#.........#........##
#....##...#...######
#..###......###
####....##)†#.#
#..##...#...@.#
#.......###o@o#
#.....#..#..o)#
#.....#..###.†#
#.#...#...#....
###..##..^#ss...
####...##...#..
#####s...#... .^...##..#
......# ..#


You could see Nikola (ally target), a wolf spider, 2 culicivoras, the friendly
Rocco the orc warlord (strong), a friendly orc knight (strong, misshapen) and a
friendly orc warrior (strong, misshapen).


Message History

The tarantella dies!
Beogh accepts your kill.
Beogh blesses your orc warrior with healing. 😕 HP[+1]
You start resting.
A jumping spider comes into view. 😕 HP[+1]
The jumping spider hisses angrily. 😕 HP[+1]
Your orc knight no longer looks unusually strong.
The jumping spider leaps! 😕 HP[+1]
A culicivora comes into view.
A radroach comes into view.
The culicivora moves out of view. 😕 HP[+1] 😕 HP[+2]
You regained 2 hp, and now have 109/136 hp. 😕 HP[+1]
The jumping spider leaps! 😕 HP[+1] Reach: O) +7 trident "Wyffeyrr" {vorpal, +Blink rPois Dex+4, polearm}
Press: ? - help, Dir - move target, f - jumping spider
Aim: a jumping spider (about 28% to evade the +7 trident "Wyffeyrr")
You reach to attack!
You hit the jumping spider.
A tarantella comes into view.
Rocco roars a battlecry!
Your orc knight goes into a battle-frenzy!
You hear a shout! 😕 HP[+1]
You barely miss the jumping spider.
Nikola the Mad Inventor comes into view.
He is wielding a +3 rapier of electrocution.
The jumping spider misses you. The jumping spider bites you. 😕 HP[-4]
You take 4 damage, and now have 108/136 hp.
You hit the jumping spider.
Rocco hits the jumping spider from afar with a +2 trident of freezing {polearm}.
Rocco freezes the jumping spider.
A wolf spider comes into view.
The jumping spider pounces on you but does no damage.
The jumping spider bites you but does no damage. 😕 HP[+1]
The wolf spider hisses angrily.
You hit the jumping spider but do no damage.
Your orc knight hits the jumping spider with a +0 glaive!!!
The jumping spider dies!
Beogh accepts your kill.
Your orc knight looks more experienced.
Rocco hits the radroach from afar with a +2 trident of freezing {polearm}!!
Rocco freezes the radroach.
You hear an angry hiss.
A culicivora comes into view. 😕 HP[+1]
You completely miss the radroach.
Your orc warrior hits the radroach with a +0 hand axe of distortion.
Space warps horribly around the radroach!!
Your orc knight hits the radroach with a +0 glaive!! 😕 HP[+1] Reach: O) +7 trident "Wyffeyrr" {vorpal, +Blink rPois Dex+4, polearm}
Press: ? - help, Dir - move target, f - Nikola
Aim: Nikola, wielding a +3 rapier of electrocution, wearing a +0 cloak and wearing a +0 pair of gloves (about 22% to evade the +7 trident "Wyffeyrr")
You could not reach far enough!
The radroach erupts in a fountain of uncontrolled magic!
Your orc knight is blasted with magical radiation!!
Your orc knight twists and deforms.
Your orc warrior is blasted with magical radiation!!
Your orc warrior twists and deforms.
The tarantella is blasted with magical radiation!!
The tarantella dies!
You are blasted with magical radiation!!!
* * * LOW HITPOINT WARNING * * *
You are very lightly contaminated with residual magic.
Rocco hits the radroach from afar with a +2 trident of freezing {polearm}!!
Rocco freezes the radroach.
The radroach dies!
Beogh accepts your kill.
Rocco looks more experienced.
Nikola hits Rocco but does no damage. 😨 HP[-44]
You take 44 damage, and now have 67/136 hp.
MASSIVE DAMAGE!! (PAUSE)
Your orc knight hits Nikola from afar with a +0 glaive!!!
Rocco hits Nikola with a +2 trident of freezing {polearm}!!
Rocco freezes Nikola.
Nikola gestures at your orc knight while chanting.
The bolt of lightning hits you!!
* * * LOW HITPOINT WARNING * * *
The bolt of lightning hits your orc knight!!! 😨 HP[-29]
You take 29 damage, and now have 38/136 hp.
MASSIVE DAMAGE!! (PAUSE)
You puncture Nikola!
Your orc knight hits Nikola from afar with a +0 glaive!
Rocco hits Nikola with a +2 trident of freezing {polearm}!!
Rocco freezes Nikola! 😨 HP[+1]
You catch the helpless Nikola completely off-guard!
You puncture Nikola!
Nikola mumbles some strange words.
Lightning arcs from Nikola's hands!
The bolt of lightning hits you!!!
You die...

Skill      XL: |  1  2  3  4  5  6  7  8  9 10 11 12 13 14 15 |
---------------+----------------------------------------------+-----
Fighting       | 4 5 6 7 8 9 11 12 13 | 13.3
Armour         | 4 5 6 8 9 10 12 13 14 | 14.8
Polearms       | 3 4 8 10 | 10.6
Dodging        | 1 2 3 4 |  4.2
Short Blades   | 1 3 5 6 7 8 |  8.6
Shields        | 4 5 6 7 8 9 10 | 10.2
Long Blades    | 2 3 4 |  4.3
Stealth        | 1 2 3 |  3.1
Axes           | 4 8 10 12 | 12.1
Throwing       | 1 2 4 5 |  5.7
Maces & Flails | 5 |  5.9
Invocations    | 1 |  1.2
Evocations     | |  0.8

Action                   |  1- 3 |  4- 6 |  7- 9 | 10-12 | 13-15 || total
-------------------------+-------+-------+-------+-------+-------++-------
Melee: Trident           |   138 |   113 |       |       |   302 ||   553
       Short sword       |       |    94 |   225 |    74 |   237 ||   630
       Dagger            |       |       |   118 |       |       ||   118
       Hand axe          |       |       |   109 |   551 |       ||   660
       Long sword        |       |       |       |    20 |    17 ||    37
       Mace              |       |       |       |       |   117 ||   117
Throw: Stone             |       |     2 |       |       |       ||     2
       Boomerang         |       |       |    21 |     2 |       ||    23
       Dart              |       |       |       |   112 |    11 ||   123
Invok: Convert to Beogh  |       |       |     1 |       |       ||     1
       Recall Orcish Fol |       |       |       |       |     3 ||     3
       Smiting           |       |       |       |       |     2 ||     2
       Give Item to Name |       |       |       |       |     1 ||     1
Evoke: Wand              |       |       |     4 |     2 |       ||     6
  Use: Potion            |       |     1 |       |       |     2 ||     3
       Scroll            |       |       |       |    10 |    15 ||    25
 Stab: Confused          |       |       |     1 |       |       ||     1
       Distracted        |       |       |       |     2 |    10 ||    12
Armor: Scale mail        |    44 |    71 |       |       |       ||   115
       Chain mail        |       |    20 |   200 |   356 |    20 ||   596
       Acid dragon scale |       |       |       |     1 |       ||     1
       Plate armour      |       |       |       |       |   449 ||   449
       Fire dragon scale |       |       |       |       |    11 ||    11
Dodge: Dodged            |    38 |    76 |   126 |   259 |   252 ||   751
Block: Buckler           |    19 |    42 |    68 |   167 |   195 ||   491

Levels and vault maps discovered:
D:1:      ldierk_walled_garden_2, layout_rooms,
          hellmonk_ecumenical_altar_pennies_from_heaven, serial_corexii_hall,
          corexii_hall_statues_s, chequers_hall_statues_corner_a,
          chequers_hall_statues_y, corexii_hall_statues_u, minmay_cut_off
D:2:      layout_basic, serial_shops, nicolae_shop_hallway_stairs
D:3:      layout_rooms, uniq_robin
D:4:      layout_basic, mainiacjoe_overflow_small_starburst,
          gammafunk_ghost_arena
D:5:      layout_basic, nicolae_concentric_dashed_squares_wild,
          minmay_misc_feat_roman
D:6:      layout_layer_cave, uniq_eustachio, uniq_blork_the_orc
D:7:      layout_basic, minmay_temple_entry_stoned_glass, minmay_checkerbox
D:8:      layout_basic, lair_entry_dummy, serial_bayou_crossing, uniq_joseph
D:9:      layout_stronghold, mainiacjoe_overflow_tiny_flanked,
          uniq_prince_ribbit1
D:10:     layout_cross, nicolae_qazlal_general_emergency, st_stairs_9, uniq_urug
D:11:     layout_stronghold
D:12:     lemuel_ogre_cave, layout_irregular_city, david_orc_3, enter_trove_5
D:13:     layout_gridville, uniq_snorg, uniq_jorgrun
D:14:     layout_roguey, hangedman_vaults_entry_quadrant_bands,
          chequers_mini_garden, st_stairs_12
D:15:     hangedman_depths_entry_try_elsewhere_first, layout_rooms
Lair:1:   layout_small_grid, serial_bayou_shore_b, uniq_nergalle, uniq_grum
Lair:2:   layout_layer_cave, serial_bayou_shore_a
Lair:3:   layout_regular_city, shoals_dummy_entry,
          lightli_volcano_entry_magma_tube, nzn_ghost_randoct,
          chequers_serial_rivers_marsh
Lair:4:   pond_and_an_island_with_a_cottage, layout_regular_city,
          spider_nest_entry_rubble, gammafunk_ghost_grave, beast_lair_carwin_3
Lair:5:   layout_cave_pods, minivault_23, grunt_forest_small_clearing_treed,
          infiniplex_staircase_pool_2
Lair:6:   grunt_lair_end_beastmaster, layout_cave_pods,
          nicolae_slime_entry_slimehenge, ebering_ghost_funeral_grove,
          disabler_island, lemuel_fruit_tree, grunt_megastairs_2
Spider:1: nicolae_spider_mines_3, nicolae_spider_wall_of_niches, uniq_josephine,
          uniq_nikola
Orc:1:    layout_caves
Orc:2:    st_orc_town, layout_diamond_mine, serial_shops,
          nicolae_shop_statue_plus, gauntlet_entry_generic

Notes
Turn   | Place    | Note
-------+----------+-------------------------------------------
     0 | D:1      | mortz the Hill Orc Fighter began the quest for the Orb.
     0 | D:1      | Reached XP level 1. HP: 19/19 MP: 1/1
     0 | D:1      | magus.rc [v1.9.6]
    72 | D:1      | You pick up a book of Displacement and begin reading...
    72 | D:1      | You add the spells Lesser Beckoning, Gell's Gravitas and
                  | Teleport Other to your library.
    76 | D:1      | Found a faded altar of an unknown god.
   166 | D:1      | Reached XP level 2. HP: 22/27 MP: 2/2
   324 | D:1      | Reached skill level 4 in Fighting
   599 | D:1      | Reached XP level 3. HP: 33/33 MP: 3/3
   954 | D:2      | Found Ekeof's Armour Boutique.
   958 | D:2      | Bought a +0 helmet for 49 gold pieces
   982 | D:2      | Reached skill level 4 in Armour
  1228 | D:2      | Reached skill level 3 in Polearms
  1297 | D:2      | Reached XP level 4. HP: 35/40 MP: 4/4
  1881 | D:3      | Noticed Robin
  1902 | D:2      | Reached XP level 5. HP: 17/46 MP: 5/5
  2335 | D:3      | Killed Robin
  2492 | D:3      | Reached skill level 4 in Polearms
  3161 | D:4      | Reached XP level 6. HP: 53/53 MP: 6/6
  3205 | D:4      | Found a blossoming altar of Fedhas.
  3221 | D:4      | Reached skill level 1 in Dodging
  3390 | D:4      | Found a transporter.
  3395 | D:4      | Noticed Jenx's ghost (amateur SpBe)
  3456 | D:4      | Found a transporter.
  3549 | D:4      | Reached skill level 1 in Short Blades
  3693 | D:4      | Reached skill level 5 in Armour
  3693 | D:4      | Reached XP level 7. HP: 49/60 MP: 7/7
  4042 | D:5      | Entered Level 5 of the Dungeon
  4055 | D:5      | Reached skill level 5 in Fighting
  4055 | D:5      | Reached skill level 2 in Short Blades
  4082 | D:5      | Reached skill level 4 in Shields
  4150 | D:5      | Reached skill level 3 in Short Blades
  4346 | D:5      | Reached XP level 8. HP: 42/69 MP: 8/8
  4448 | D:5      | Reached skill level 4 in Short Blades
  4448 | D:5      | Reached skill level 6 in Armour
  4978 | D:6      | Reached skill level 2 in Dodging
  5082 | D:6      | Reached skill level 5 in Short Blades
  5109 | D:6      | Reached skill level 6 in Fighting
  5226 | D:6      | Noticed Blork the orc
  5228 | D:6      | Killed Blork the orc
  5229 | D:6      | Identified the +0 buckler of Sorcery {Fly rC+ Will+}
  5319 | D:6      | Reached skill level 1 in Long Blades
  5511 | D:6      | Noticed Eustachio
  5638 | D:6      | Reached skill level 2 in Long Blades
  5672 | D:6      | Reached XP level 9. HP: 75/78 MP: 9/9
  6404 | D:7      | Became a worshipper of Beogh the Brigand
  6405 | D:7      | Found a staircase to the Ecumenical Temple.
  6531 | D:7      | Reached skill level 7 in Armour
  6590 | D:7      | Reached skill level 1 in Stealth
  6688 | D:7      | Reached skill level 6 in Short Blades
  7056 | D:7      | You pick up a book of the Hunter and begin reading...
  7056 | D:7      | You add the spells Call Canine Familiar, Portal Projectile
                  | and Leda's Liquefaction to your library.
  7557 | D:2      | Bought a +3 chain mail of poison resistance for 258 gold
                  | pieces
  7732 | D:8      | Identified the +1 chain mail of Insatiable Hunger {Regen+}
  7898 | D:8      | Noticed Joseph
  7920 | D:8      | Killed Joseph
  7921 | D:8      | Reached skill level 7 in Fighting
  7921 | D:8      | Reached skill level 1 in Axes
  7921 | D:8      | Reached skill level 1 in Throwing
  7921 | D:8      | Reached skill level 8 in Armour
  7921 | D:8      | Reached skill level 5 in Shields
  7978 | D:8      | Reached * piety under Beogh
  7985 | D:8      | Reached skill level 2 in Axes
  8024 | D:8      | You pick up a book of Transfigurations {@e2} and begin
                  | reading...
  8024 | D:8      | You add the spells Irradiate, Blade Hands and Dragon Form
                  | to your library.
  8074 | D:8      | Found a staircase to the Lair.
  8370 | D:8      | Reached skill level 3 in Axes
  8423 | D:8      | Noticed a troll
  8431 | D:8      | Killed a troll
  8432 | D:8      | Reached skill level 4 in Axes
  8432 | D:8      | Reached XP level 10. HP: 82/86 MP: 10/10
  8717 | D:9      | Reached skill level 5 in Axes
  8746 | D:9      | Found a sacrificial altar of Ru.
  8973 | D:9      | Reached skill level 6 in Axes
  9126 | D:9      | Reached ** piety under Beogh
  9181 | D:9      | Noticed Prince Ribbit
  9194 | D:9      | Killed Prince Ribbit
  9267 | D:9      | Reached skill level 7 in Axes
  9536 | D:10     | Entered Level 10 of the Dungeon
  9586 | D:10     | Noticed a two-headed ogre
  9631 | D:10     | Found a stormy altar of Qazlal.
  9655 | D:10     | Noticed a two-headed ogre
  9667 | D:10     | Killed a two-headed ogre
  9668 | D:10     | Reached skill level 2 in Throwing
  9668 | D:10     | Reached skill level 9 in Armour
  9979 | D:10     | Reached skill level 8 in Fighting
  9986 | D:10     | Noticed a two-headed ogre
 10002 | D:10     | Killed a two-headed ogre
 10003 | D:10     | Reached skill level 8 in Axes
 10091 | D:9      | Reached XP level 11. HP: 89/95 MP: 11/11
 10119 | D:9      | Reached skill level 3 in Dodging
 10145 | D:9      | Killed a two-headed ogre
 10146 | D:9      | Reached skill level 3 in Throwing
 10146 | D:9      | Reached skill level 6 in Shields
 10221 | D:10     | Noticed Urug
 10229 | D:10     | Reached skill level 9 in Fighting
 10229 | D:10     | Reached skill level 9 in Axes
 10262 | D:10     | Killed Urug
 10304 | D:9      | >>old weapons
 10838 | Lair:1   | Entered Level 1 of the Lair of Beasts
 10838 | Lair:1   | Noticed Grum
 10870 | D:8      | Reached skill level 10 in Armour
 10918 | Lair:1   | Killed Grum
 11486 | D:11     | Noticed a manticore
 11497 | D:11     | Killed a manticore
 11498 | D:11     | Reached skill level 10 in Axes
 11753 | D:11     | You pick up a book of Conjurations {@e2} and begin
                  | reading...
 11753 | D:11     | You add the spells Magic Dart, Searing Ray and Fulminant
                  | Prism to your library.
 11846 | D:11     | Reached skill level 4 in Throwing
 12049 | D:11     | Reached *** piety under Beogh
 12169 | D:11     | You pick up a book of the Spheres and begin reading...
 12169 | D:11     | You add the spells Iskenderun's Battlesphere, Fireball,
                  | Conjure Ball Lightning and Orb of Destruction to your
                  | library.
 12293 | D:11     | HP: 24/97 [troll (12)]
 12903 | D:8      | Reached XP level 12. HP: 66/106 MP: 12/12
 12952 | D:8      | Reached skill level 11 in Axes
 12971 | D:8      | Reached skill level 11 in Armour
 13015 | D:8      | Reached skill level 7 in Shields
 13074 | Lair:1   | Reached skill level 10 in Fighting
 13398 | Lair:1   | Noticed Nergalle
 13566 | Lair:1   | HP: 9/88 [Nergalle/bolt of negative energy (15)]
 14163 | D:12     | Reached **** piety under Beogh
 14227 | D:12     | Noticed a two-headed ogre
 14239 | D:12     | Killed a two-headed ogre
 14345 | D:12     | Found a staircase to the Orcish Mines.
 14421 | Orc:1    | Entered Level 1 of the Orcish Mines
 14489 | Orc:2    | Entered Level 2 of the Orcish Mines
 14517 | Orc:1    | Reached skill level 12 in Axes
 14518 | Orc:1    | Noticed a two-headed ogre
 14524 | Orc:1    | Gained Olfrun as an ally
 14535 | Orc:1    | Killed a two-headed ogre
 14536 | Orc:1    | Reached skill level 5 in Throwing
 14898 | Orc:2    | Noticed a two-headed ogre
 14907 | Orc:2    | Killed a two-headed ogre
 14908 | Orc:2    | Reached skill level 3 in Long Blades
 14946 | Orc:2    | Noticed an orc high priest
 14962 | Orc:2    | Killed an orc high priest
 14986 | Orc:2    | Found Wepaatt's Magic Scroll Shop.
 14998 | Orc:2    | Found Ytoces Ceeps's Weapon Shoppe.
 14998 | Orc:2    | Noticed an orc high priest
 15007 | Orc:2    | Gained mutation: You are clumsy. (Dex -2) [a neqoxec]
 15010 | Orc:2    | Killed an orc high priest
 15018 | Orc:2    | Reached ***** piety under Beogh
 15075 | Orc:2    | Noticed an orc high priest
 15075 | Orc:2    | Noticed a two-headed ogre
 15084 | Orc:2    | Killed an orc high priest
 15095 | Orc:2    | Noticed an orc high priest
 15106 | Orc:2    | Killed an orc high priest
 15107 | Orc:2    | Reached skill level 7 in Short Blades
 15109 | Orc:2    | Killed a two-headed ogre
 15110 | Orc:2    | Reached skill level 11 in Fighting
 15145 | Orc:2    | Found a roughly hewn altar of Beogh.
 15191 | Orc:2    | Noticed an ettin
 15200 | Orc:2    | Killed an ettin
 15201 | Orc:2    | Reached skill level 12 in Armour
 15207 | Orc:2    | Noticed an orc high priest
 15212 | Orc:2    | Noticed a soul eater
 15218 | Orc:2    | Your ally Olfrun died
 15220 | Orc:2    | Killed an orc high priest
 15265 | Orc:2    | Found Nogegoaq's Weapon Shop.
 15265 | Orc:2    | Found Muggemuelu's Magic Scroll Shoppe.
 15265 | Orc:2    | Noticed an orc high priest
 15274 | Orc:2    | Killed an orc high priest
 15275 | Orc:2    | Reached XP level 13. HP: 116/116 MP: 13/13
 15411 | Orc:2    | Found Usiothutt's General Store.
 15421 | Orc:2    | Bought a +1 helmet of see invisible for 165 gold pieces
 15669 | Orc:2    | Found a staircase to the Elven Halls.
 16388 | Lair:1   | Killed Nergalle
 16783 | Lair:2   | Reached skill level 2 in Stealth
 16927 | Lair:2   | Reached skill level 1 in Maces & Flails
 16989 | Lair:2   | Reached skill level 4 in Dodging
 17034 | Lair:2   | You pick up a book of Burglary and begin reading...
 17034 | Lair:2   | You add the spells Passwall, Ensorcelled Hibernation and
                  | Swiftness to your library.
 17045 | Lair:2   | You pick up a book of Unlife and begin reading...
 17045 | Lair:2   | You add the spells Animate Dead, Borgnjor's Vile Clutch and
                  | Death Channel to your library.
 18037 | D:2      | Bought +2 fire dragon scales for 792 gold pieces
 18583 | Lair:3   | Found a staircase to the Shoals.
 18945 | Lair:3   | Found a transporter.
 18949 | Lair:3   | Found a transporter.
 18976 | Lair:3   | Noticed Feulaj's ghost (journeyman MiBe)
 19266 | Lair:3   | Reached skill level 8 in Shields
 19270 | Lair:3   | Killed Feulaj's ghost
 19270 | Lair:3   | Gained Rocco as an ally
 19277 | Lair:3   | Reached skill level 13 in Armour
 19278 | Lair:3   | Reached skill level 2 in Maces & Flails
 19283 | Lair:3   | HP: 25/116 [black mamba (9)]
 19285 | Lair:3   | Gained Morun as an ally
 19286 | Lair:3   | HP: 11/116 [poisoned by a black mamba]
 19289 | Lair:3   | HP: 4/116 [poisoned by a black mamba]
 19294 | Lair:3   | HP: 3/116 [poisoned by a black mamba]
 19712 | Lair:4   | Reached skill level 3 in Maces & Flails
 19827 | Lair:4   | Reached ****** piety under Beogh
 20176 | Lair:4   | Found a hole to the Spider Nest.
 20211 | Lair:4   | Reached skill level 4 in Maces & Flails
 20251 | Lair:4   | Found a runed translucent door.
 20251 | Lair:4   | Noticed Fifowuza's ghost (journeyman DrTm)
 20489 | Lair:4   | Killed Fifowuza's ghost
 20492 | Lair:4   | You add the spells Sting and Spider Form to your library.
 20492 | Lair:4   | Got the Almanac of Moulding
 20683 | Lair:5   | Reached skill level 5 in Maces & Flails
 20709 | Lair:5   | Reached skill level 4 in Long Blades
 20942 | Lair:5   | Reached skill level 8 in Short Blades
 20996 | Lair:5   | You pick up a book of Weapons and begin reading...
 21381 | Lair:6   | Entered Level 6 of the Lair of Beasts
 21556 | Lair:6   | Reached XP level 14. HP: 112/125 MP: 14/14
 21572 | Lair:6   | Reached skill level 12 in Fighting
 22183 | Lair:6   | Found a runed translucent door.
 22186 | Lair:6   | Noticed Fapiqam's ghost (journeyman DsAK)
 22189 | Lair:6   | Identified the +7 trident "Wyffeyrr" {vorpal, +Blink rPois
                  | Dex+4}
 22200 | Lair:6   | Found a staircase to the Slime Pits.
 22384 | Lair:6   | HP: 25/126 [death yak (8)]
 22389 | Lair:6   | HP: 25/126 [death yak (9)]
 22393 | Lair:6   | Reached skill level 9 in Shields
 22461 | Lair:6   | Noticed a dire elephant
 22469 | Lair:6   | Killed a dire elephant
 22726 | Lair:6   | Reached skill level 14 in Armour
 22726 | Lair:6   | Killed Fapiqam's ghost
 22874 | Lair:5   | Reached skill level 1 in Invocations
 23565 | D:12     | Reached skill level 5 in Polearms
 23781 | D:12     | You add the spells Stone Arrow and Lehudib's Crystal Spear
                  | to your library.
 23781 | D:12     | Got Orchuraur's Guide on the Rocks
 23852 | D:12     | Reached skill level 6 in Polearms
 23856 | D:12     | Found a portal to a secret trove of treasure.
 24396 | D:13     | Noticed Snorg
 24404 | D:13     | Killed Snorg
 24405 | D:13     | Reached skill level 3 in Stealth
 24486 | D:13     | Reached skill level 7 in Polearms
 24688 | D:13     | Noticed Jorgrun
 24698 | D:13     | Killed Jorgrun
 24948 | D:14     | You add the spells Animate Armour and Starburst to your
                  | library.
 24948 | D:14     | Got the Reference Book on Earth and Flames
 25085 | D:14     | Identified the ring "Gumur" {rC+ Will++ Dex+6 SInv}
 25161 | D:14     | Reached skill level 8 in Polearms
 25171 | D:14     | Your ally Morun died
 25388 | D:14     | Found a gate to the Vaults.
 25900 | D:15     | Entered Level 15 of the Dungeon
 25916 | D:15     | Reached XP level 15. HP: 125/134 MP: 15/15
 25948 | D:15     | Reached skill level 9 in Polearms
 25951 | D:15     | Reached skill level 10 in Shields
 26078 | D:15     | Reached skill level 13 in Fighting
 26224 | D:15     | Found a staircase to the Depths.
 26791 | Spider:1 | Entered Level 1 of the Spider Nest
 26879 | Spider:1 | Reached skill level 10 in Polearms
 26941 | Spider:1 | Noticed Josephine
 26952 | Spider:1 | Killed Josephine
 27021 | Spider:1 | Noticed Nikola
 27028 | Spider:1 | Killed from afar by Nikola

Vanquished Creatures
  Snorg (D:13)
  A hydra (D:15)
  A centaur warrior (D:15)
  A rakshasa (D:15)
  An ogre mage (D:12)
  9 two-headed ogres
  2 orc high priests (Orc:2)
  Urug (D:10)
  A glowing orange brain (shapeshifter) (D:14)
  An ugly thing (D:13)
  2 cyclopes
  2 manticores
  9 elephants
  Joseph (D:8)
  3 cane toads
  A demonic crawler (Spider:1)
  An unseen horror (D:11)
  3 komodo dragons
  2 tengu conjurers (D:15)
  A tarantella (Spider:1)
  5 trolls
  A polar bear (Lair:6)
  A meliai (Spider:1)
  Prince Ribbit (D:9)
  2 slime creatures (D:15)
  A hornet (Lair:6)
  2 dream sheep (Lair:4)
  A blink frog (Lair:2)
  A meliai zombie (D:10)
  A culicivora (Spider:1)
  2 shadows
  A spriggan (Lair:6)
  2 wraiths
  20 yaks
  2 wyverns (D:9)
  4 basilisks
  3 vampire mosquitoes (D:12)
  Grum (Lair:1)
  A warg (Orc:1)
  2 acid dragons
  4 water moccasins
  2 black bears
  7 ogres
  8 orc warriors
  A sky beast (D:7)
  A necrophage (D:6)
  11 wolves
  5 centaurs
  A boggart (D:14)
  A phantom (D:4)
  6 bullfrogs
  4 kobold brigands
  A gnoll sergeant (D:9)
  4 scorpions
  Blork the orc (D:6)
  8 wights
  5 howler monkeys
  An electric eel (Lair:6)
  5 centaur zombies
  2 bullfrog zombies
  3 jellies
  3 bullfrog skeletons
  8 orc priests
  3 hounds
  2 centaur skeletons (D:5)
  7 iguanas
  12 orc wizards
  A hell rat (Lair:4)
  2 hound skeletons (D:4)
  A howler monkey zombie (D:8)
  Robin (D:3)
  9 gnolls
  6 adders
  A shadow imp (D:6)
  An adder zombie (D:5)
  2 worms
  3 dart slugs
  34 orcs
  3 bats (D:1)
  2 endoplasms (Lair:6)
  4 giant cockroaches
  17 goblins
  14 hobgoblins
  4 jackals
  22 kobolds
  5 quokkas
  7 ball pythons
  5 frilled lizards
  6 rats
364 creatures vanquished.

Vanquished Creatures (collateral kills)
  Jorgrun (D:13)
  The ghost of Fifowuza the Grappler, a journeyman DrTm of Wu Jian (Lair:4)
  A broodmother (Spider:1)
  2 dire elephants
  The ghost of Fapiqam the Basher, a journeyman DsAK of Lugonu (Lair:6)
  The ghost of Feulaj the Severer, a journeyman MiBe of Trog (Lair:3)
  An ettin (Orc:2)
  Josephine (Spider:1)
  6 boulder beetles
  A vault guard (D:12)
  4 centaur warriors
  6 hydras
  A catoblepas (Lair:6)
  A radroach (Spider:1)
  2 ogre magi
  A deep troll shaman (Lair:6)
  8 two-headed ogres
  4 orc high priests (Orc:2)
  2 tengu warriors (D:15)
  5 death yaks
  Nergalle (Lair:1)
  A pharaoh ant (Spider:1)
  A skeletal warrior (D:14)
  A steelbarb worm (Spider:1)
  A necromancer (Lair:4)
  An orc knight (D:15)
  4 wolf spiders (Spider:1)
  2 cyclopes
  An ugly thing (D:15)
  2 elephants (Lair:6)
  A salamander (D:15)
  2 manticores (D:15)
  An ice statue (Lair:3)
  4 centaur skeletons (D:14)
  A gargoyle (D:13)
  3 torpor snails
  5 black mambas
  9 cane toads
  2 kobold demonologists (D:13)
  A rime drake (Lair:2)
  3 komodo dragons
  2 trolls (Orc:1)
  4 polar bears
  2 meliai (Spider:1)
  2 tarantellas (Spider:1)
  A hornet (Lair:6)
  24 blink frogs
  7 slime creatures
  10 dream sheep (Lair:4)
  2 culicivoras
  29 yaks
  2 jumping spiders (Spider:1)
  5 wraiths
  A spriggan (Lair:6)
  5 wyverns
  3 basilisks
  2 vampire mosquitoes (D:13)
  2 steam dragons
  4 wargs (Orc:2)
  4 water moccasins
  4 orc warriors
  2 black bears (Lair:6)
  13 wolves
  2 elephant zombies (Lair:4)
  19 ogres
  A boggart (Lair:6)
  13 centaurs
  4 kobold brigands
  A komodo dragon zombie (Lair:4)
  5 bullfrogs
  2 electric eels
  14 orc priests
  2 basilisk zombies (Lair:4)
  A jelly (Lair:6)
  6 hell rats (Lair:4)
  3 orc wizards
  An ogre zombie (D:12)
  A gnoll (D:6)
  17 orcs
  An endoplasm (Lair:6)
  A kobold (D:13)
321 creatures vanquished.

Vanquished Creatures (others)
  An orc warlord (D:14)
  2 orc knights
  A tarantella (Spider:1)
  4 orc warriors
  20 orc priests
  A gnoll shaman (D:6)
  6 orc wizards
  A gnoll (D:6)
  26 orcs
  38 fungi
  61 plants
  4 toadstools (D:1)
165 creatures vanquished.

Grand Total: 850 creatures vanquished

Table legend:
 A = Non-vault XP
 B = Vault XP
 C = Vault XP percentage of total XP
 D = Non-vault monster count
 E = Vault monster count
 F = Vault count percentage of total count
                 A         B        C        D         E       F
            +---------+---------+-------+---------+---------+-------
      Total |   67545 |   35217 |  34.3 |     501 |     184 |  26.9
            +---------+---------+-------+---------+---------+-------
        D:1 |      38 |       9 |  19.1 |      24 |       5 |  17.2
        D:2 |     117 |      21 |  15.2 |      24 |      11 |  31.4
        D:3 |      96 |      17 |  15.0 |      14 |       2 |  12.5
        D:4 |     365 |       0 |   0.0 |      20 |       0 |   0.0
        D:5 |     883 |       0 |   0.0 |      19 |       0 |   0.0
        D:6 |     847 |      81 |   8.7 |      17 |       1 |   5.6
        D:7 |     538 |     218 |  28.8 |      14 |       4 |  22.2
        D:8 |    5026 |     820 |  14.0 |      44 |       4 |   8.3
        D:9 |    1989 |    1113 |  35.9 |      19 |       2 |   9.5
       D:10 |    3228 |    1331 |  29.2 |      18 |       3 |  14.3
       D:11 |    3452 |       0 |   0.0 |      24 |       0 |   0.0
       D:12 |    3762 |    6119 |  61.9 |      13 |      24 |  64.9
       D:13 |    6627 |    1579 |  19.2 |      32 |       2 |   5.9
       D:14 |    1963 |    4281 |  68.6 |       4 |      20 |  83.3
       D:15 |    8571 |    1857 |  17.8 |      26 |       4 |  13.3
     Lair:1 |    2861 |     666 |  18.9 |      14 |       2 |  12.5
     Lair:2 |    3230 |       0 |   0.0 |      17 |       0 |   0.0
     Lair:3 |    2484 |    2832 |  53.3 |      16 |      12 |  42.9
     Lair:4 |    4413 |    1924 |  30.4 |      32 |      12 |  27.3
     Lair:5 |    5783 |       0 |   0.0 |      33 |       0 |   0.0
     Lair:6 |    3363 |    7651 |  69.5 |      26 |      42 |  61.8
   Spider:1 |    4689 |    1452 |  23.6 |      16 |       7 |  30.4
      Orc:1 |    1350 |       0 |   0.0 |      16 |       0 |   0.0
      Orc:2 |    1870 |    3246 |  63.4 |      19 |      27 |  58.7
            +---------+---------+-------+---------+---------+-------

Illustrated notes

#####################
#...........)........
#..........###.......
#..........# #.......
#..........# #.......
#.######...###.......
#...@(†..............
#....>.<..###########
#.........#..........
#.........#..........
#.....#...#..........
#.....#...#..........
#.........#...##.##..
#........##...##.##..
#..#####.#...........


Turn 10304 on D:9: old weapons

Table legend:
 A = Kills in this place as a percentage of kills in entire the game.
 B = Kills by you in this place as a percentage of kills by you in the entire game.
 C = Kills by friends in this place as a percentage of kills by friends in the entire game.
 D = Other kills in this place as a percentage of other kills in the entire game.
 E = Experience gained in this place as a percentage of experience gained in the entire game.
 F = Experience gained in this place divided by the number of levels of this place that you have seen.
                   A       B       C       D       E      F
               +-------+-------+-------+-------+-------+----------------------
         Total | 100.0 | 100.0 | 100.0 |   N/A | 100.0 | 4281.8
       Dungeon |  57.5 |  83.5 |  28.0 |   N/A |  53.5 | 3663.2
          Lair |  30.1 |  12.1 |  50.5 |   N/A |  34.3 | 5867.8
   Spider Nest |   3.4 |   1.1 |   5.9 |   N/A |   6.0 | 6141.0
  Orcish Mines |   9.1 |   3.3 |  15.6 |   N/A |   6.3 | 3233.0
               +-------+-------+-------+-------+-------+----------------------

Table legend: (Time is in decaauts)
 A = Elapsed time spent in this place.
 B = Non-inter-level travel time spent in this place.
 C = Inter-level travel time spent in this place.
 D = Time resting spent in this place.
 E = Time spent auto-exploring this place.
 F = Levels seen in this place.
 G = Mean time per level.
                   A        B        C        D        E       F      G
               +--------+--------+--------+--------+--------+-----+--------+
         Total |  26880 |  23253 |   3627 |   2727 |  14393 |  24 | 1120.0 |
       Dungeon |  18080 |  15034 |   3046 |   1989 |   9173 |  15 | 1205.3 |
          Lair |   7235 |   6700 |    535 |    722 |   4212 |   6 | 1205.8 |
   Spider Nest |    218 |    218 |      0 |      7 |    144 |   1 |  218.0 |
  Orcish Mines |   1346 |   1301 |     45 |      9 |    864 |   2 |  673.0 |
               +--------+--------+--------+--------+--------+-----+--------+

Top non-repeatable levels by time:
     D:8: 2326 daAuts
     D:6: 1553 daAuts
     D:9: 1552 daAuts
     D:2: 1454 daAuts
  Lair:6: 1449 daAuts
    D:11: 1380 daAuts
  Lair:3: 1287 daAuts
  Lair:1: 1277 daAuts
  Lair:2: 1239 daAuts
    D:12: 1139 daAuts
     D:7: 1123 daAuts
    D:14: 1102 daAuts
    D:10: 1091 daAuts
  Lair:4: 1085 daAuts
     D:3: 1067 daAuts
